 Dungeon Crawl Stone Soup version 0.16-a0-783-gf476f6a (webtiles) character file.

81 Ratboiler the Poker (level 4, 0/29 HPs)
             Began as an Octopode Skald on Sept 26, 2014.
             Slain by a gnoll
             ... wielding a +0 halberd
              (17 damage)
             ... on Level 3 of the Dungeon.
             The game lasted 00:06:54 (1641 turns).

Ratboiler the Poker (Octopode Skald)                Turns: 1641, Time: 00:06:54

HP   0/29        AC  1     Str 11      XL: 4   Next: 40%
MP   0/7         EV 12     Int 14      God:
Gold 88          SH  0     Dex 12      Spells:  3 memorised,  1 level left

rFire  . . .     SeeInvis .     a - +2 spear (vamp)
rCold  . . .     Clarity  .     (no shield)
rNeg   . . .     rCorr    .     (helmet restricted)
rPois  .         rRot     .     (no amulet)
rElec  .         Spirit   .     (no ring)
SustAb .         Warding  .     (no ring)
rMut   .         Stasis   .     (no ring)
Gourm  .                        (no ring)
MR     .....                    (no ring)
                                (no ring)
                                (no ring)
                                (no ring)

@: infused (expiring), very slightly contaminated, not resistant to hostile
enchantments, unstealthy
A: almost no armour, amphibious, 8 rings, constrict 8, camouflage 1, gelatinous
body 1
a: no special abilities


You were on level 3 of the Dungeon.
You were not hungry.

You visited 1 branch of the dungeon, and saw 3 of its levels.

You collected 88 gold pieces.

Inventory:

Hand weapons
 a - a +2 vampiric spear (weapon)
Comestibles
 d - 3 bread rations
 g - a beef jerky
Scrolls
 e - a scroll of random uselessness {unknown}
 h - 3 scrolls of identify {unknown}
 j - a scroll of blinking {unknown}
 k - 3 scrolls of remove curse {unknown}
 l - a scroll of enchant weapon {unknown}
 n - a scroll of noise {unknown}
Potions
 b - a potion of flight {unknown}
 f - a potion of heal wounds {unknown}
 i - a potion of confusion {unknown}
 m - 2 potions of mutation {unknown}
 o - a potion of poison {unknown}
 p - a potion of berserk rage {unknown}
Books
 c - a book of Battle

   Spells                             Type                      Level
   *Infusion                          Charms                       1
   *Shroud of Golubria                Charms/Translocation         2
   Song of Slaying                    Charms                       2
   *Spectral Weapon                   Hexes/Charms                 3
   Regeneration                       Charms/Necromancy            3


   Skills:
 - Level 2.0 Fighting
 + Level 4.5 Polearms
 - Level 1.5 Dodging
 - Level 2.0 Spellcasting
 - Level 3.0 Charms


You had one spell level left.
You knew the following spells:

 Your Spells              Type           Power        Failure   Level  Hunger
a - Infusion              Chrm           #.....       10%         1    ##.....
b - Shroud of Golubria    Chrm/Tloc      #.........   21%         2    ###....
c - Spectral Weapon       Hex/Chrm       #.......     38%         3    ####...


Dungeon Overview and Level Annotations

Branches:
Dungeon (3/15)

Altars:


Innate Abilities, Weirdness & Mutations

You cannot wear most types of armour.
You are amphibious.
You can wear up to eight rings at the same time.
You can use your tentacles to constrict many enemies at once.
Your skin changes colour to match your surroundings (Stealth).
Your rubbery body absorbs attacks (AC +1).


Message History

You kill the gnoll!
You have reached level 4!
The gnoll closely misses you. The gnoll hits you with a halberd!
You hit the gnoll.
You feel better.
You grab the gnoll.
The gnoll is almost dead.
You constrict the gnoll. You hit the gnoll.
You kill the gnoll!
The gnoll misses you.
Your magical infusion is running out.
You puncture the gnoll!
You feel better.
Your grab misses the gnoll. Your squeeze misses the gnoll.
The gnoll is severely wounded.
The gnoll hits you with a whip.
You hit the gnoll.
You feel better.
You kill the gnoll!
The gnoll hits you from afar with a halberd!
Ouch! That really hurt!
You die...

##...## #.# #.#
##.....###.# #.#
#.......##.#####.#
#.........#.......#
+.........'......[# .g.
#.........####...##
#.g# #.......## #..##
.g). ##....^######.##
#... ..#.)@........#
#.!# #.##)#######..#
#..# #.##g#######..#
#$.# ####.##......##..#
#..# #...g........##..#
#..###.##[#...##..##..#
#......##......#......#
##........#...###.##.##
###########.........#


You could see a gnoll.

Vanquished Creatures
  An adder (D:2)
  3 gnolls (D:3)
  A worm (D:2)
  A giant gecko (D:1)
  10 hobgoblins
  A quokka (D:2)
  A ball python (D:1)
  6 bats
  A giant cockroach (D:2)
  A giant newt (D:2)
  4 goblins
  2 kobolds
  5 rats
37 creatures vanquished.

Notes
Turn   | Place    | Note
--------------------------------------------------------------
     0 | D:1      | Ratboiler, the Octopode Skald, began the quest for the Orb.
     0 | D:1      | Reached XP level 1. HP: 14/14 MP: 3/3
   115 | D:1      | Reached XP level 2. HP: 19/19 MP: 0/4
   121 | D:1      | Learned a level 2 spell: Shroud of Golubria
   648 | D:1      | Reached XP level 3. HP: 24/24 MP: 6/6
  1008 | D:2      | Learned a level 3 spell: Spectral Weapon
  1133 | D:2      | Reached skill level 4 in Polearms
  1635 | D:3      | Reached XP level 4. HP: 24/29 MP: 0/7
  1641 | D:3      | Slain by a gnoll

Action                   |  1- 3 |  4- 6 || total
-------------------------+-------+-------++-------
Melee: Spear             |    83 |     4 ||    87
 Cast: Infusion          |     9 |       ||     9
 Stab: Sleeping          |     8 |       ||     8
  Eat: Bread ration      |     1 |       ||     1
       Meat ration       |     1 |       ||     1
       Chunk             |     1 |       ||     1
